 Dungeon Crawl Stone Soup version 0.22-a0-91-g23542c2 (webtiles) character file.

132 KristoblXynda the Insei (level 4, 0/35 HPs)
             Began as a Draconian Transmuter on Jan 22, 2018.
             Was an Initiate of Wu Jian.
             Slain by Vorshek's ghost (6 damage)
             ... on level 3 of the Dungeon.
             The game lasted 00:04:55 (1752 turns).

KristoblXynda the Insei (Draconian Transmuter)      Turns: 1752, Time: 00:04:56

Health: 0/35       AC:  6    Str: 10 (12) XL:     4   Next: 92%
Magic:  2/7        EV: 18    Int: 11 (14) God:    Wu Jian [......]
Gold:   82         SH:  0    Dex: 19 (20) Spells: 3/7 levels left

rFire    . . .     SeeInvis +     - Unarmed
rCold    . . .     Gourm    .   (no shield)
rNeg     . . .     Faith    .   (armour unavailable)
rPois    .         Spirit   .   (helmet restricted)
rElec    .         Reflect  .   (no cloak)
rCorr    .         Harm     .   (no gloves)
MR       .....                  e - +0 pair of boots
Stlth    ++++......             (no amulet)
HPRegen  0.11/turn              i - ring of stealth
MPRegen  0.10/turn              l - +3 ring of dexterity

@: agile, very slightly contaminated
A: unfitting armour, see invisible, wild magic 2, cold-blooded, AC +5
a: Renounce Religion


You were on level 3 of the Dungeon.
You worshipped Wu Jian.
Wu Jian was noncommittal.
You were hungry.

You visited 1 branch of the dungeon, and saw 3 of its levels.

You collected 82 gold pieces.

Inventory:

Armour
 e - a +0 pair of boots (worn)
Jewellery
 i - a ring of stealth (left hand)
 l - a +3 ring of dexterity (right hand)
Books
 b - a book of Changes

   Spells                             Type                      Level
   a - Beastly Appendage              Transmutation                1
   b - Sticks to Snakes               Transmutation                2
   c - Spider Form                    Transmutation/Poison         3
   d - Ice Form                       Ice/Transmutation            4
   e - Blade Hands                    Transmutation                5
Comestibles
 c - 2 rations


   Skills:
 - Level 1.1 Fighting
 - Level 2.0 Dodging
 * Level 4.6 Unarmed Combat
 - Level 2.0 Spellcasting
 + Level 3.5 Transmutations


You had 3 spell levels left.
You knew the following spells:

 Your Spells              Type           Power        Failure   Level  Hunger
a - Beastly Appendage     Tmut           ##....       16%         1    ##.....
b - Spider Form           Tmut/Pois      #.........   56%         3    ####...


Dungeon Overview and Level Annotations

Branches:
Dungeon (3/15)

Altars:
Elyvilon
Fedhas
Qazlal
Ru
Wu Jian
Xom

Annotations:
D:3 Vorshek's ghost, amateur DgFi


Innate Abilities, Weirdness & Mutations

Your plain brown scales are hard. (AC +5)
You cannot fit into any form of body armour.
You are cold-blooded and may be slowed by cold attacks.
You have supernaturally acute eyesight. (SInv)
Your spells are harder to cast, but more powerful.


Message History

You hit Vorshek's ghost.
Vorshek's ghost is severely damaged.
Vorshek's ghost misses you. The kobold hits you with a dagger.
* * * LOW HITPOINT WARNING * * *
You hit Vorshek's ghost.
Vorshek's ghost is almost destroyed.
Vorshek's ghost wails.
Vorshek's ghost barely misses you.
You barely miss Vorshek's ghost.
You tail-slap Vorshek's ghost, but do no damage.
Vorshek's ghost is almost destroyed.
The kobold closely misses you. Vorshek's ghost hits you.
* * * LOW HITPOINT WARNING * * *
You closely miss Vorshek's ghost.
Your tail-slap misses Vorshek's ghost.
Vorshek's ghost is almost destroyed.
The kobold misses you. Vorshek's ghost barely misses you.
You barely miss Vorshek's ghost.
Vorshek's ghost is almost destroyed.
The kobold hits you but does no damage. Vorshek's ghost hits you.
You die...

,,,*,********,* #.#
#.#.# *,*,
****,,,,,,,,*,* #.#
#.#.#**>*,
*****,,*,*,* #.#
#.#..,,,,, *,,*,*,*
#.# #.###**,*,
*******,,*,*,* #.# #.*
*,*,
**,,,,,,,,*,*,*#####.#
*,* *,**
,,,******,*,*,*#.(...#
*,* *,**
,,,,,,,,,,*,*,*#W#####
*,* *,,,
,,,,,,,,,,,,*,*#@# *,*
*,,,
*************,*#K# *,*
*,,, * *,*#.#
*,******** * *,*#.#
*,,,,,,,,, * *,*#.#
********** * *,*#.# *
*,*#.# * *,*#.# *
*,**,*


You could see Vorshek's ghost and a kobold.

Vanquished Creatures
  4 gnolls (D:3)
  2 adders
  An ooze (D:1)
  A worm (D:2)
  5 dart slugs
  2 leopard geckos (D:1)
  An orc (D:3)
  6 giant cockroaches
  3 goblins (D:1)
  6 hobgoblins
  A quokka (D:2)
  2 ball pythons
  5 bats
  6 frilled lizards
  5 kobolds
  10 rats
60 creatures vanquished.

Notes
Turn   | Place    | Note
-------+----------+-------------------------------------------
     0 | D:1      | KristoblXynda the Draconian Transmuter began the quest for the Orb.
     0 | D:1      | Reached XP level 1. HP: 16/16 MP: 3/3
    27 | D:1      | Reached XP level 2. HP: 19/23 MP: 5/5
   434 | D:1      | Reached XP level 3. HP: 22/28 MP: 6/6
   510 | D:1      | Learned a level 3 spell: Spider Form
   957 | D:2      | Reached skill level 4 in Unarmed Combat
  1019 | D:2      | Found a blossoming altar of Fedhas.
  1102 | D:2      | Reached XP level 4. HP: 34/35 MP: 7/7
  1150 | D:2      | Found an ornate altar of the Wu Jian Council.
  1159 | D:2      | Became a worshipper of the Wu Jian Council
  1524 | D:3      | Noticed Vorshek's ghost (amateur DgFi)
  1679 | D:3      | Found a shimmering altar of Xom.
  1680 | D:3      | Found a stormy altar of Qazlal.
  1680 | D:3      | Found a sacrificial altar of Ru.
  1680 | D:3      | Found a white marble altar of Elyvilon.
  1704 | D:3      | HP: 1/35 [Vorshek's ghost (7)]
  1722 | D:3      | Gained mutation: Your spells are a little harder to cast, but a little more powerful. [potion of mutation]
  1722 | D:3      | Gained mutation: You have supernaturally acute eyesight. (SInv) [potion of mutation]
  1722 | D:3      | Gained mutation: Your spells are harder to cast, but more powerful. [potion of mutation]
  1752 | D:3      | Slain by Vorshek's ghost

Vault maps used:
D:1:      minmay_arrival_shoal_huts, serial_park_tiny_pond
D:2:      marbit_many_paths, lemuel_doored_altar
D:3:      chequers_temple_overflow_statue_of_worship,
          chequers_ecumenical_altar_lobes

Skill      XL: |  1  2  3 |
---------------+----------+-----
Dodging        | 2 |  2.0
Transmutations | 3 |  3.5
Unarmed Combat | 4 |  4.6
Fighting       | |  1.1
Spellcasting   | |  2.0

Action                   |  1- 3 |  4- 6 || total
-------------------------+-------+-------++-------
Melee: Unarmed           |   148 |    74 ||   222
       Kick              |     2 |       ||     2
       Tailslap          |    15 |     5 ||    20
       Headbutt          |     3 |     2 ||     5
       Punch             |       |     1 ||     1
 Cast: Beastly Appendage |     4 |     1 ||     5
       Spider Form       |       |     2 ||     2
Invok: Lunge             |       |     3 ||     3
  Use: Potion            |       |     7 ||     7
       Scroll            |       |     2 ||     2
 Stab: Sleeping          |     3 |     1 ||     4
  Eat: Chunk             |     1 |     2 ||     3
Armor: Skin              |    52 |    11 ||    63
Dodge: Dodged            |   100 |    60 ||   160

Table legend:
 A = Spawn XP
 B = Non-spawn XP
 C = Spawn XP percentage of total XP
 D = Spawn monster count
 E = Non-spawn monster count
 F = Spawn count percentage of total count
 G = Total turns spent on level
                    A         B        C        D         E        F      G
               +---------+---------+-------+---------+---------+-------+---------
         Total |       0 |     189 |   0.0 |       0 |      60 |   0.0 |  1752
               +---------+---------+-------+---------+---------+-------+---------
           D:1 |       0 |      52 |   0.0 |       0 |      29 |   0.0 |   703
           D:2 |       0 |      56 |   0.0 |       0 |      22 |   0.0 |   803
           D:3 |       0 |      81 |   0.0 |       0 |       9 |   0.0 |   246
               +---------+---------+-------+---------+---------+-------+---------
